Kings vs Canadiens

Created - 26 janvier 2022 at 16:56

Goals
1 2 3 T
Kings 1 0 0 1
Canadiens 1 2 1 4
Shots
1 2 3 T
Kings 15 8 10 33
Canadiens 13 11 12 36

1st period

1. Canadiens , Mark Jankowski 3 (Corey Perry 6) at 17:27
2. Kings , Jordan Eberle 9 (Artemi Panarin 32, Jeff Carter 15) at 17:37

Penalties :
No Penalty

2nd period

3. Canadiens , Max Pacioretty 17 (Ryan O'Reilly 31) at 1:08
4. Canadiens , Valeri Nichushkin 5 (Jack Johnson 7, Adam Larsson 9) at 18:03

Penalties :
Jack Johnson (MTL) for Tripping (Minor) at 11:30

3rd period

5. Canadiens , Evgenii Dadonov 6 (Jonathan Drouin 10, Henri Jokiharju 6) at 14:21

Penalties :
No Penalty

Goalie Stats

Martin Jones (LAK), 32 saves from 36 shots - (0,889), L, 4-3-1, 60:00 minutes
Robin Lehner (MTL), 32 saves from 33 shots - (0,970), W, 16-10-4, 60:00 minutes

Players Stats for Kings

Player Name              G  A  P  +/- PIM S  H  SB GA TA FO     MP     PP MP  PK MP  
------------------------------------------------------------------------------------
Alex Goligoski           0  0  0   0  0   2  3  5  0  1  0/0    23:43   1:10   0:00 
Alex Ovechkin            0  0  0   0  0   4  1  2  0  0  0/1    19:56   1:06   0:00 
Alexander Radulov        0  0  0   0  0   1  0  0  0  0  1/2    19:46   0:57   0:00 
Artemi Panarin           0  1  1  -1  0   2  1  0  0  0  0/0    16:46   0:53   0:00 
Carl Dahlstrom           0  0  0  -2  0   0  1  2  0  1  0/0    15:38   0:00   0:00 
Carter Rowney            0  0  0   0  0   0  1  0  0  0  0/2     9:01   0:00   0:00 
Christian Fischer        0  0  0  -2  0   0  2  0  0  0  0/0    14:17   0:00   0:00 
Jeff Carter              0  1  1  -1  0   0  3  1  0  0  9/23   16:46   0:53   0:00 
Jonas Brodin             0  0  0   0  0   2  1  1  0  1  0/0    23:43   1:10   0:00 
Jordan Eberle            1  0  1  -1  0   4  1  0  0  0  0/0    16:46   0:53   0:00 
Michael Del Zotto        0  0  0  -2  0   0  0  2  0  0  0/0    15:38   0:00   0:00 
Olli Maatta              0  0  0  -1  0   1  0  3  0  1  0/0    20:39   0:49   0:00 
Patrick Marleau          0  0  0   0  0   1  0  0  0  0  0/0     9:01   0:00   0:00 
Rudolfs Balcers          0  0  0  -2  0   2  1  0  0  0  0/0    14:27   0:09   0:00 
Sean Kuraly              0  0  0  -2  0   4  0  1  0  1  6/12   14:17   0:00   0:00 
Shea Weber               0  0  0  -1  0   2  2  1  0  0  0/0    20:39   0:49   0:00 
Tage Thompson            0  0  0   0  0   3  1  0  2  1  0/0     9:11   0:09   0:00 
Tomas Hertl              0  0  0   0  0   5  1  0  2  0  9/19   19:46   0:57   0:00 

Players Stats for Canadiens

Player Name              G  A  P  +/- PIM S  H  SB GA TA FO     MP     PP MP  PK MP  
------------------------------------------------------------------------------------
Adam Larsson             0  1  1   1  0   3  2  0  0  0  0/0    18:47   0:00   0:54 
Anthony DeAngelo         0  0  0   0  0   1  1  1  0  0  0/0    18:46   0:00   0:00 
Bryan Little             0  0  0   0  0   1  0  0  1  1  1/2    18:23   0:00   0:00 
Chris Kreider            0  0  0   0  0   0  0  1  0  0  0/0    18:23   0:00   0:00 
Corey Perry              0  1  1   2  0   3  2  0  1  0  0/0     9:59   0:00   0:00 
Dante Fabbro             0  0  0   2  0   1  0  1  0  1  0/0    22:18   0:00   0:54 
Derick Brassard          0  0  0   1  0   0  2  0  0  1  5/8    11:27   0:00   0:00 
Evgenii Dadonov          1  0  1   1  0   3  1  0  0  0  0/0    11:27   0:00   0:00 
Henri Jokiharju          0  1  1   1  0   0  3  0  0  0  0/0    22:41   0:00   1:05 
Jack Johnson             0  1  1   1  2   2  3  2  0  0  0/0    17:52   0:00   0:00 
Jonathan Drouin          0  1  1   1  0   2  2  0  1  0  0/0    11:27   0:00   0:00 
Mark Jankowski           1  0  1   2  0   1  0  0  1  0  5/9    10:59   0:00   0:58 
Mathew Barzal            0  0  0   0  0   5  0  1  0  0  12/18  18:23   0:00   0:00 
Max Pacioretty           1  0  1   0  0   4  0  2  1  0  0/1    18:10   0:00   0:00 
Mitch Marner             0  0  0   0  0   2  0  0  1  1  0/0    19:11   0:00   1:01 
Ryan O'Reilly            0  1  1   0  0   0  0  0  0  0  11/21  19:11   0:00   1:01 
Travis Hamonic           0  0  0   1  0   4  0  0  0  0  0/0    19:37   0:00   1:05 
Valeri Nichushkin        1  0  1   2  0   4  0  0  0  0  0/0    10:59   0:00   0:58 

3 Stars

1 - Robin Lehner (MTL)
2 - Valeri Nichushkin (MTL)
3 - Mark Jankowski (MTL)

Power Play

Kings - 0 on 1 Attempt(s) - 0,00%
Canadiens - 0 on 0 Attempt(s) - 0,00%

Penalty Kill

Kings - 0 on 0 Attempt(s) - 0,00% - Score 0 goal in Penalty Kill
Canadiens - 1 on 1 Attempt(s) - 100,00% - Score 0 goal in Penalty Kill

Team Stat

Kings - Hits : 19 - Faceoff Wins : 25 - Blocked Shots : 18 - Penalty Minutes : 0
Canadiens - Hits : 16 - Faceoff Wins : 34 - Blocked Shots : 8 - Penalty Minutes : 2

Official

Referees : Ryan Hersey and Mike Duco
Linesman : Greg Devorski and Mark Shewchyk

Game Notes

No Game Note

Finance

Level 1 -- Attendance: 2807 (46,78%) -- Ticket Income 463 155 $
Level 2 -- Attendance: 2542 (50,84%) -- Ticket Income 251 658 $
Level 3 -- Attendance: 862 (43,10%) -- Ticket Income 68 098 $
Level 4 -- Attendance: 2117 (52,93%) -- Ticket Income 82 563 $
Luxury Box -- Attendance: 670 (67,00%) -- Ticket Income 150 080 $
Game was played at the Centurions Coliseum.
Total Attendance: 8998 (49,99%)
Total Ticket Income: 1 015 554 $
Other Income: 497 621 $
Total Income: 1 513 175 $

Kings

5 vs 5 Forward 
   Center                   Left Wing                Right Wing               Time % Phy DF OF 
 1 Tomas Hertl              Alex Ovechkin            Alexander Radulov        39     0   2  3  
 2 Jeff Carter              Artemi Panarin           Jordan Eberle            34     0   2  3  
 3 Sean Kuraly              Rudolfs Balcers          Christian Fischer        18     1   3  1  
 4 Carter Rowney            Patrick Marleau          Tage Thompson            9      1   2  2  

5 vs 5 Defense 
   Defense                  Defense                                           Time % Phy DF OF 
 1 Alex Goligoski           Jonas Brodin                                      40     1   2  2  
 2 Shea Weber               Olli Maatta                                       35     1   2  2  
 3 Michael Del Zotto        Carl Dahlstrom                                    25     1   2  2  
 4 Shea Weber               Alex Goligoski                                    0      1   2  2  

PowerPlay Forward 
   Center                   Left Wing                Right Wing               Time % Phy DF OF 
 1 Tomas Hertl              Alex Ovechkin            Alexander Radulov        60     0   1  4  
 2 Jeff Carter              Artemi Panarin           Jordan Eberle            40     0   1  4  

PowerPlay Defense
   Defense                  Defense                                           Time % Phy DF OF 
 1 Alex Goligoski           Jonas Brodin                                      60     1   2  2  
 2 Shea Weber               Olli Maatta                                       40     1   2  2  

Penalty Kill 4 Players Forward 
   Center                   Wing                     Time % Phy DF OF 
 1 Sean Kuraly              Carter Rowney            60     1   4  0  
 2 Tomas Hertl              Patrick Marleau          40     1   4  0  

Penalty Kill 4 Players Defense
   Defense                  Defense                  Time % Phy DF OF 
 1 Shea Weber               Olli Maatta              60     1   3  1  
 2 Michael Del Zotto        Carl Dahlstrom           40     1   3  1  

Penalty Kill - 3 Players Forward 
   Forward                                           Time % Phy DF OF 
 1 Tomas Hertl                                       60     1   4  0  
 2 Sean Kuraly                                       40     1   4  0  

Penalty Kill - 3 Players Defense
   Defense                  Defense                  Time % Phy DF OF 
 1 Jonas Brodin             Alex Goligoski           60     1   3  1  
 2 Shea Weber               Olli Maatta              40     1   3  1  

4 vs 4 Forward 
   Center                   Wing                     Time % Phy DF OF 
 1 Tomas Hertl              Alex Ovechkin            60     1   2  2  
 2 Jeff Carter              Artemi Panarin           40     1   2  2  

4 vs 4 Defense
   Defense                  Defense                  Time % Phy DF OF 
 1 Alex Goligoski           Jonas Brodin             60     1   2  2  
 2 Shea Weber               Olli Maatta              40     1   2  2  

Last Minutes Offensive
   Center                   Left Wing                Right Wing               Defense                  Defense                  
   Tomas Hertl              Alex Ovechkin            Artemi Panarin           Jonas Brodin             Alex Goligoski           

Last Minutes Defensive
   Center                   Left Wing                Right Wing               Defense                  Defense                  
   Tomas Hertl              Sean Kuraly              Jeff Carter              Jonas Brodin             Alex Goligoski           

Goaltenders
Starting : Martin Jones             
Backup : Semyon Varlamov          

Extra Forwards
Normal : Tage Thompson, Rudolfs Balcers, Carter Rowney - PP : Tage Thompson, Rudolfs Balcers - PK : Carter Rowney
Extra Defensemen
Normal : Michael Del Zotto, Shea Weber, Jonas Brodin - PP : Michael Del Zotto - PK : Alex Goligoski, Jonas Brodin
Penalty Shots
Alex Ovechkin, Artemi Panarin, Tomas Hertl, Alexander Radulov, Jeff Carter
Custom OT Lines Forwards
Alex Ovechkin, Artemi Panarin, Tomas Hertl, Alexander Radulov, Jeff Carter, Jordan Eberle, Carter Rowney, Christian Fischer, Patrick Marleau, Sean Kuraly
Custom OT Lines Defensemen
Shea Weber, Alex Goligoski, Jonas Brodin, Olli Maatta, Michael Del Zotto

Scratches
Jayson Megna (Healthy), Josh Brown (Broken Bone (Right Arm) Injury)

Canadiens

5 vs 5 Forward 
   Center                   Left Wing                Right Wing               Time % Phy DF OF 
 1 Ryan O'Reilly            Max Pacioretty           Mitch Marner             33     0   2  3  
 2 Mathew Barzal            Chris Kreider            Bryan Little             32     0   2  3  
 3 Derick Brassard          Jonathan Drouin          Evgenii Dadonov          20     0   2  3  
 4 Mark Jankowski           Valeri Nichushkin        Corey Perry              15     0   2  3  

5 vs 5 Defense 
   Defense                  Defense                                           Time % Phy DF OF 
 1 Jack Johnson             Adam Larsson                                      32     0   3  2  
 2 Dante Fabbro             Travis Hamonic                                    32     0   3  2  
 3 Anthony DeAngelo         Henri Jokiharju                                   31     0   3  2  
 4 Dante Fabbro             Henri Jokiharju                                   5      0   3  2  

PowerPlay Forward 
   Center                   Left Wing                Right Wing               Time % Phy DF OF 
 1 Ryan O'Reilly            Max Pacioretty           Mitch Marner             50     0   1  4  
 2 Mathew Barzal            Chris Kreider            Bryan Little             50     0   1  4  

PowerPlay Defense
   Defense                  Defense                                           Time % Phy DF OF 
 1 Anthony DeAngelo         Henri Jokiharju                                   50     0   2  3  
 2 Dante Fabbro             Jack Johnson                                      50     0   2  3  

Penalty Kill 4 Players Forward 
   Center                   Wing                     Time % Phy DF OF 
 1 Mark Jankowski           Valeri Nichushkin        50     0   4  1  
 2 Ryan O'Reilly            Mitch Marner             50     0   4  1  

Penalty Kill 4 Players Defense
   Defense                  Defense                  Time % Phy DF OF 
 1 Travis Hamonic           Jack Johnson             50     0   4  1  
 2 Dante Fabbro             Adam Larsson             50     0   4  1  

Penalty Kill - 3 Players Forward 
   Forward                                           Time % Phy DF OF 
 1 Mark Jankowski                                    50     0   4  1  
 2 Ryan O'Reilly                                     50     0   4  1  

Penalty Kill - 3 Players Defense
   Defense                  Defense                  Time % Phy DF OF 
 1 Jack Johnson             Adam Larsson             50     0   5  0  
 2 Dante Fabbro             Travis Hamonic           50     0   5  0  

4 vs 4 Forward 
   Center                   Wing                     Time % Phy DF OF 
 1 Ryan O'Reilly            Max Pacioretty           50     0   2  3  
 2 Mathew Barzal            Mitch Marner             50     0   2  3  

4 vs 4 Defense
   Defense                  Defense                  Time % Phy DF OF 
 1 Anthony DeAngelo         Jack Johnson             50     0   3  2  
 2 Dante Fabbro             Henri Jokiharju          50     0   3  2  

Last Minutes Offensive
   Center                   Left Wing                Right Wing               Defense                  Defense                  
   Ryan O'Reilly            Max Pacioretty           Mitch Marner             Anthony DeAngelo         Dante Fabbro             

Last Minutes Defensive
   Center                   Left Wing                Right Wing               Defense                  Defense                  
   Ryan O'Reilly            Mark Jankowski           Mitch Marner             Adam Larsson             Jack Johnson             

Goaltenders
Starting : Robin Lehner             
Backup : Adin Hill                

Extra Forwards
Normal : Chris Kreider, Derick Brassard, Valeri Nichushkin - PP : Corey Perry, Evgenii Dadonov - PK : Derick Brassard
Extra Defensemen
Normal : Henri Jokiharju, Anthony DeAngelo, Jack Johnson - PP : Jack Johnson - PK : Henri Jokiharju, Anthony DeAngelo
Penalty Shots
Ryan O'Reilly, Chris Kreider, Evgenii Dadonov, Anthony DeAngelo, Derick Brassard
Custom OT Lines Forwards
Ryan O'Reilly, Max Pacioretty, Mitch Marner, Mathew Barzal, Chris Kreider, Bryan Little, Evgenii Dadonov, Derick Brassard, Jonathan Drouin, Corey Perry
Custom OT Lines Defensemen
Anthony DeAngelo, Dante Fabbro, Jack Johnson, Henri Jokiharju, Adam Larsson

Scratches
Alex Galchenyuk (Healthy)

% Time on Ice - Kings

Lines # - Real PCT - Wanted PCT - Time Play
Normal Forward
1 - 32% - 39% - 18:50
2 - 27% - 34% - 15:53
3 - 25% - 18% - 14:17
4 - 16% - 9% - 9:01
Normal Defense
1 - 39% - 40% - 22:33
2 - 34% - 35% - 19:50
3 - 27% - 25% - 15:38
4 - 0% - 0% - 0:00
PP Forward
1 - 55% - 60% - 1:06
2 - 45% - 40% - 0:53
PP Defense
1 - 59% - 60% - 1:10
2 - 41% - 40% - 0:49
PK Forward
1 - 0% - 60%
2 - 0% - 40%
PK Defense
1 - 0% - 60%
2 - 0% - 40%
PK3 Forward
1 - 0% - 60%
2 - 0% - 40%
PK3 Defense
1 - 0% - 60%
2 - 0% - 40%
44 Forward
1 - 0% - 60%
2 - 0% - 40%
44 Defense
1 - 0% - 60%
2 - 0% - 40%
Last Minute Offensive  - 0:00
Last Minute Defensive  - 0:00
Total
Forward - 60:00
Defense - 60:00

% Time on Ice - Canadiens

Lines # - Real PCT - Wanted PCT - Time Play
Normal Forward
1 - 31% - 33% - 18:12
2 - 32% - 32% - 18:23
3 - 20% - 20% - 11:27
4 - 17% - 15% - 9:59
Normal Defense
1 - 31% - 32% - 17:51
2 - 32% - 32% - 18:34
3 - 32% - 31% - 18:46
4 - 5% - 5% - 2:50
PP Forward
1 - 0% - 50%
2 - 0% - 50%
PP Defense
1 - 0% - 50%
2 - 0% - 50%
PK Forward
1 - 49% - 50% - 0:58
2 - 51% - 50% - 1:01
PK Defense
1 - 55% - 50% - 1:05
2 - 45% - 50% - 0:54
PK3 Forward
1 - 0% - 50%
2 - 0% - 50%
PK3 Defense
1 - 0% - 50%
2 - 0% - 50%
44 Forward
1 - 0% - 50%
2 - 0% - 50%
44 Defense
1 - 0% - 50%
2 - 0% - 50%
Last Minute Offensive  - 0:00
Last Minute Defensive  - 0:00
Total
Forward - 60:00
Defense - 60:00

Play-by-Play

1st period


0:01 of 1st period - Tomas Hertl wins face-off versus Ryan O'Reilly in neutral zone.
0:26 of 1st period - Alex Goligoski is hit by Jack Johnson.
0:50 of 1st period - Sean Kuraly is hit by Derick Brassard and loses puck.
1:09 of 1st period - Adam Larsson is hit by Tage Thompson and loses puck.
3:10 of 1st period - Snap shot by Ryan O'Reilly.
3:10 of 1st period - Shot Blocked by Jeff Carter.
3:25 of 1st period - Icing by Mathew Barzal.
3:26 of 1st period - Sean Kuraly wins face-off versus Derick Brassard in Canadiens zone.
4:10 of 1st period - Icing by Mitch Marner.
4:11 of 1st period - Mathew Barzal wins face-off versus Jeff Carter in Canadiens zone.
4:58 of 1st period - Slapshot by Valeri Nichushkin.
4:58 of 1st period - Stopped by Martin Jones with a rebound.
5:00 of 1st period - Slapshot by Travis Hamonic.
5:00 of 1st period - Deflect By Jonas Brodin.
5:00 of 1st period - Stopped by Martin Jones with a rebound.
5:02 of 1st period - Backhand shot by Dante Fabbro.
5:02 of 1st period - Deflect By Jonas Brodin.
5:02 of 1st period - Stopped by Martin Jones with a rebound.
5:04 of 1st period - Snap shot by Valeri Nichushkin.
5:04 of 1st period - Shot Misses the Net.
5:06 of 1st period - Slapshot by Travis Hamonic.
5:06 of 1st period - Stopped by Martin Jones without a rebound.
5:07 of 1st period - Jeff Carter wins face-off versus Mathew Barzal in Kings zone.
5:18 of 1st period - Snap shot by Artemi Panarin.
5:18 of 1st period - Stopped by Robin Lehner without a rebound.
5:19 of 1st period - Mathew Barzal wins face-off versus Tomas Hertl in Canadiens zone.
5:19 of 1st period - Mathew Barzal is hit by Tomas Hertl.
5:27 of 1st period - Snap shot by Chris Kreider.
5:27 of 1st period - Shot Misses the Net.
5:29 of 1st period - Slapshot by Travis Hamonic.
5:29 of 1st period - Stopped by Martin Jones with a rebound.
5:31 of 1st period - Slapshot by Travis Hamonic.
5:31 of 1st period - Stopped by Martin Jones with a rebound.
6:13 of 1st period - Max Pacioretty is hit by Carter Rowney and loses puck.
6:50 of 1st period - Off-side.
6:51 of 1st period - Sean Kuraly wins face-off versus Bryan Little in neutral zone.
7:40 of 1st period - Wrist shot by Alex Ovechkin.
7:40 of 1st period - Stopped by Robin Lehner with a rebound.
7:42 of 1st period - Snap shot by Tomas Hertl.
7:42 of 1st period - Shot Blocked by Jack Johnson.
8:22 of 1st period - Slapshot by Jonas Brodin.
8:22 of 1st period - Stopped by Robin Lehner with a rebound.
8:24 of 1st period - Wrist shot by Shea Weber.
8:24 of 1st period - Deflect By Rudolfs Balcers.
8:24 of 1st period - Shot Blocked by Jack Johnson.
8:24 of 1st period - Puck is out of play.
8:25 of 1st period - Mark Jankowski wins face-off versus Jeff Carter in Canadiens zone.
8:36 of 1st period - Snap shot by Valeri Nichushkin.
8:36 of 1st period - Shot Misses the Net.
8:59 of 1st period - Mitch Marner is hit by Alex Goligoski.
9:22 of 1st period - Snap shot by Mathew Barzal.
9:22 of 1st period - Stopped by Martin Jones with a rebound.
10:58 of 1st period - Off-side.
10:59 of 1st period - Jeff Carter wins face-off versus Mark Jankowski in neutral zone.
11:06 of 1st period - Wrist shot by Jordan Eberle.
11:06 of 1st period - Stopped by Robin Lehner without a rebound.
11:07 of 1st period - Mathew Barzal wins face-off versus Alex Ovechkin in Canadiens zone.
11:07 of 1st period - Mathew Barzal is hit by Alex Goligoski.
11:17 of 1st period - Snap shot by Alex Ovechkin.
11:17 of 1st period - Stopped by Robin Lehner with a rebound.
11:19 of 1st period - Wrist shot by Tomas Hertl.
11:19 of 1st period - Stopped by Robin Lehner without a rebound.
11:20 of 1st period - Tomas Hertl wins face-off versus Mathew Barzal in Canadiens zone.
11:25 of 1st period - Slapshot by Alexander Radulov.
11:25 of 1st period - Stopped by Robin Lehner without a rebound.
11:26 of 1st period - Mathew Barzal wins face-off versus Tomas Hertl in Canadiens zone.
11:33 of 1st period - Wrist shot by Bryan Little.
11:33 of 1st period - Shot Hit the Post.
11:36 of 1st period - Icing by Olli Maatta.
11:37 of 1st period - Tomas Hertl wins face-off versus Ryan O'Reilly in Kings zone.
12:27 of 1st period - Icing by Shea Weber.
12:28 of 1st period - Mathew Barzal wins face-off versus Tomas Hertl in Kings zone.
12:35 of 1st period - Snap shot by Mathew Barzal.
12:35 of 1st period - Stopped by Martin Jones with a rebound.
12:57 of 1st period - Snap shot by Tomas Hertl.
12:57 of 1st period - Stopped by Robin Lehner with a rebound.
13:47 of 1st period - Wrist shot by Bryan Little.
13:47 of 1st period - Shot Misses the Net.
14:11 of 1st period - Slapshot by Tomas Hertl.
14:11 of 1st period - Stopped by Robin Lehner with a rebound.
14:13 of 1st period - Slapshot by Shea Weber.
14:13 of 1st period - Deflect By Bryan Little.
14:13 of 1st period - Stopped by Robin Lehner with a rebound.
14:15 of 1st period - Wrist shot by Alexander Radulov.
14:15 of 1st period - Deflect By Tomas Hertl.
14:15 of 1st period - Stopped by Robin Lehner without a rebound.
14:16 of 1st period - Ryan O'Reilly wins face-off versus Jeff Carter in Canadiens zone.
14:40 of 1st period - Icing by Alex Goligoski.
14:41 of 1st period - Derick Brassard wins face-off versus Sean Kuraly in Kings zone.
15:45 of 1st period - Wrist shot by Mitch Marner.
15:45 of 1st period - Stopped by Martin Jones without a rebound.
15:46 of 1st period - Mark Jankowski wins face-off versus Sean Kuraly in Kings zone.
16:11 of 1st period - Derick Brassard is hit by Jeff Carter and loses puck.
16:22 of 1st period - Wrist shot by Evgenii Dadonov.
16:22 of 1st period - Shot Blocked by Alex Goligoski.
16:51 of 1st period - Off-side.
16:52 of 1st period - Sean Kuraly wins face-off versus Ryan O'Reilly in neutral zone.
17:13 of 1st period - Icing by Sean Kuraly.
17:14 of 1st period - Sean Kuraly wins face-off versus Mark Jankowski in Kings zone.
17:25 of 1st period - Wrist shot by Corey Perry.
17:25 of 1st period - Stopped by Martin Jones with a rebound.
17:27 of 1st period - Slapshot by Mark Jankowski.
17:27 of 1st period - Goal by Mark Jankowski - Kings : 0 - Canadiens : 1.
17:28 of 1st period - Jeff Carter wins face-off versus Ryan O'Reilly in neutral zone.
17:35 of 1st period - Snap shot by Artemi Panarin.
17:35 of 1st period - Shot Misses the Net.
17:37 of 1st period - Wrist shot by Jordan Eberle.
17:37 of 1st period - Goal by Jordan Eberle - Kings : 1 - Canadiens : 1.
17:38 of 1st period - Jeff Carter wins face-off versus Derick Brassard in neutral zone.
18:36 of 1st period - Wrist shot by Mathew Barzal.
18:36 of 1st period - Stopped by Martin Jones with a rebound.
18:38 of 1st period - Slapshot by Chris Kreider.
18:38 of 1st period - Shot Misses the Net.
18:52 of 1st period - Wrist shot by Patrick Marleau.
18:52 of 1st period - Stopped by Robin Lehner with a rebound.
18:54 of 1st period - Slapshot by Alex Goligoski.
18:54 of 1st period - Shot Misses the Net.
18:56 of 1st period - Slapshot by Jonas Brodin.
18:56 of 1st period - Stopped by Robin Lehner with a rebound.
19:40 of 1st period - Wrist shot by Evgenii Dadonov.
19:40 of 1st period - Stopped by Martin Jones with a rebound.
19:58 of 1st period - Snap shot by Jordan Eberle.
19:58 of 1st period - Stopped by Robin Lehner with a rebound.
Goals for this period are 1 for Kings vs 1 for Canadiens.
Shots for this period are 15 for Kings vs 13 for Canadiens.

2nd period


0:01 of 2nd period - Jeff Carter wins face-off versus Ryan O'Reilly in neutral zone.
0:52 of 2nd period - Snap shot by Rudolfs Balcers.
0:52 of 2nd period - Stopped by Robin Lehner without a rebound.
0:53 of 2nd period - Sean Kuraly wins face-off versus Derick Brassard in Canadiens zone.
1:06 of 2nd period - Snap shot by Jonathan Drouin.
1:06 of 2nd period - Stopped by Martin Jones without a rebound.
1:07 of 2nd period - Ryan O'Reilly wins face-off versus Jeff Carter in Kings zone.
1:08 of 2nd period - Wrist shot by Max Pacioretty.
1:08 of 2nd period - Goal by Max Pacioretty - Kings : 1 - Canadiens : 2.
1:09 of 2nd period - Jeff Carter wins face-off versus Ryan O'Reilly in neutral zone.
1:51 of 2nd period - Icing by Jack Johnson.
1:52 of 2nd period - Mark Jankowski wins face-off versus Sean Kuraly in Canadiens zone.
1:57 of 2nd period - Mark Jankowski is hit by Shea Weber and loses puck.
2:04 of 2nd period - Backhand shot by Rudolfs Balcers.
2:04 of 2nd period - Shot Misses the Net.
2:21 of 2nd period - Off-side.
2:22 of 2nd period - Ryan O'Reilly wins face-off versus Jeff Carter in neutral zone.
2:29 of 2nd period - Slapshot by Max Pacioretty.
2:29 of 2nd period - Shot Blocked by Alex Goligoski.
2:44 of 2nd period - Wrist shot by Mitch Marner.
2:44 of 2nd period - Stopped by Martin Jones with a rebound.
2:56 of 2nd period - Max Pacioretty is hit by Jeff Carter and loses puck.
3:17 of 2nd period - Slapshot by Jordan Eberle.
3:17 of 2nd period - Shot Misses the Net.
3:19 of 2nd period - Wrist shot by Jordan Eberle.
3:19 of 2nd period - Shot Misses the Net.
3:21 of 2nd period - Wrist shot by Jeff Carter.
3:21 of 2nd period - Deflect By Jordan Eberle.
3:21 of 2nd period - Shot Blocked by Max Pacioretty.
3:21 of 2nd period - Puck is out of play.
3:22 of 2nd period - Alexander Radulov wins face-off versus Mathew Barzal in Canadiens zone.
4:13 of 2nd period - Wrist shot by Valeri Nichushkin.
4:13 of 2nd period - Stopped by Martin Jones with a rebound.
4:15 of 2nd period - Wrist shot by Corey Perry.
4:15 of 2nd period - Stopped by Martin Jones without a rebound.
4:16 of 2nd period - Tomas Hertl wins face-off versus Mark Jankowski in Kings zone.
4:29 of 2nd period - Slapshot by Alex Ovechkin.
4:29 of 2nd period - Shot Misses the Net.
4:47 of 2nd period - Slapshot by Henri Jokiharju.
4:47 of 2nd period - Deflect By Mathew Barzal.
4:47 of 2nd period - Stopped by Martin Jones without a rebound.
4:48 of 2nd period - Jeff Carter wins face-off versus Mathew Barzal in Kings zone.
5:13 of 2nd period - Alex Goligoski is hit by Jonathan Drouin and loses puck.
5:29 of 2nd period - Shea Weber is hit by Adam Larsson and loses puck.
5:56 of 2nd period - Snap shot by Corey Perry.
5:56 of 2nd period - Stopped by Martin Jones without a rebound.
5:57 of 2nd period - Tomas Hertl wins face-off versus Mark Jankowski in Kings zone.
6:36 of 2nd period - Slapshot by Mathew Barzal.
6:36 of 2nd period - Shot Hit the Post.
6:50 of 2nd period - Wrist shot by Sean Kuraly.
6:50 of 2nd period - Shot Misses the Net.
6:52 of 2nd period - Snap shot by Sean Kuraly.
6:52 of 2nd period - Stopped by Robin Lehner without a rebound.
6:53 of 2nd period - Sean Kuraly wins face-off versus Ryan O'Reilly in Canadiens zone.
7:30 of 2nd period - Slapshot by Alex Ovechkin.
7:30 of 2nd period - Stopped by Robin Lehner with a rebound.
8:16 of 2nd period - Patrick Marleau is hit by Corey Perry and loses puck.
8:29 of 2nd period - Slapshot by Mitch Marner.
8:29 of 2nd period - Shot Blocked by Shea Weber.
8:31 of 2nd period - Wrist shot by Max Pacioretty.
8:31 of 2nd period - Stopped by Martin Jones without a rebound.
8:32 of 2nd period - Bryan Little wins face-off versus Sean Kuraly in Kings zone.
8:45 of 2nd period - Snap shot by Sean Kuraly.
8:45 of 2nd period - Stopped by Robin Lehner with a rebound.
8:47 of 2nd period - Slapshot by Jonas Brodin.
8:47 of 2nd period - Shot Blocked by Dante Fabbro.
8:49 of 2nd period - Slapshot by Alex Goligoski.
8:49 of 2nd period - Stopped by Robin Lehner without a rebound.
8:50 of 2nd period - Ryan O'Reilly wins face-off versus Tomas Hertl in Canadiens zone.
9:01 of 2nd period - Wrist shot by Alex Ovechkin.
9:01 of 2nd period - Shot Blocked by Max Pacioretty.
9:03 of 2nd period - Wrist shot by Alex Ovechkin.
9:03 of 2nd period - Shot Misses the Net.
9:05 of 2nd period - Slapshot by Tomas Hertl.
9:05 of 2nd period - Stopped by Robin Lehner without a rebound.
9:06 of 2nd period - Jeff Carter wins face-off versus Mathew Barzal in Canadiens zone.
9:33 of 2nd period - Travis Hamonic is hit by Alex Ovechkin and loses puck.
10:06 of 2nd period - Snap shot by Max Pacioretty.
10:06 of 2nd period - Shot Misses the Net.
10:24 of 2nd period - Artemi Panarin is hit by Corey Perry and loses puck.
10:43 of 2nd period - Off-side.
10:44 of 2nd period - Mathew Barzal wins face-off versus Alexander Radulov in neutral zone.
10:49 of 2nd period - Tomas Hertl is hit by Henri Jokiharju.
11:27 of 2nd period - Wrist shot by Alex Ovechkin.
11:27 of 2nd period - Deflect By Alexander Radulov.
11:27 of 2nd period - Shot Blocked by Chris Kreider.
11:27 of 2nd period - Puck is out of play.
11:28 of 2nd period - Ryan O'Reilly wins face-off versus Jeff Carter in Canadiens zone.
11:30 of 2nd period - Minor Penalty to Jack Johnson for Tripping.
11:31 of 2nd period - Mark Jankowski wins face-off versus Tomas Hertl in Canadiens zone.
11:55 of 2nd period - Travis Hamonic is hit by Jordan Eberle and loses puck.
12:08 of 2nd period - Dante Fabbro is hit by Artemi Panarin and loses puck.
13:30 of 2nd period - Penalty to Jack Johnson is over, Jack Johnson is back on ice.
13:37 of 2nd period - Shea Weber is hit by Evgenii Dadonov and loses puck.
13:46 of 2nd period - Wrist shot by Jonathan Drouin.
13:46 of 2nd period - Shot Blocked by Olli Maatta.
14:06 of 2nd period - Icing by Michael Del Zotto.
14:07 of 2nd period - Derick Brassard wins face-off versus Carter Rowney in Kings zone.
14:10 of 2nd period - Wrist shot by Jonathan Drouin.
14:10 of 2nd period - Stopped by Martin Jones with a rebound.
14:32 of 2nd period - Ryan O'Reilly is hit by Carl Dahlstrom and loses puck.
15:15 of 2nd period - Wrist shot by Christian Fischer.
15:15 of 2nd period - Shot Misses the Net.
16:06 of 2nd period - Snap shot by Max Pacioretty.
16:06 of 2nd period - Shot Blocked by Alex Goligoski.
16:37 of 2nd period - Off-side.
16:38 of 2nd period - Mark Jankowski wins face-off versus Sean Kuraly in neutral zone.
17:49 of 2nd period - Olli Maatta is hit by Adam Larsson.
17:57 of 2nd period - Snap shot by Valeri Nichushkin.
17:57 of 2nd period - Shot Blocked by Michael Del Zotto.
17:59 of 2nd period - Wrist shot by Adam Larsson.
17:59 of 2nd period - Shot Blocked by Michael Del Zotto.
18:01 of 2nd period - Slapshot by Jack Johnson.
18:01 of 2nd period - Stopped by Martin Jones with a rebound.
18:03 of 2nd period - Snap shot by Valeri Nichushkin.
18:03 of 2nd period - Goal by Valeri Nichushkin - Kings : 1 - Canadiens : 3.
18:04 of 2nd period - Ryan O'Reilly wins face-off versus Jeff Carter in neutral zone.
18:09 of 2nd period - Max Pacioretty is hit by Jeff Carter and loses puck.
18:19 of 2nd period - Off-side.
18:20 of 2nd period - Mathew Barzal wins face-off versus Tomas Hertl in neutral zone.
19:10 of 2nd period - Snap shot by Tage Thompson.
19:10 of 2nd period - Stopped by Robin Lehner without a rebound.
19:11 of 2nd period - Derick Brassard wins face-off versus Carter Rowney in Canadiens zone.
19:26 of 2nd period - Wrist shot by Tage Thompson.
19:26 of 2nd period - Stopped by Robin Lehner without a rebound.
19:27 of 2nd period - Tomas Hertl wins face-off versus Ryan O'Reilly in Canadiens zone.
19:54 of 2nd period - Olli Maatta is hit by Henri Jokiharju.
Goals for this period are 0 for Kings vs 2 for Canadiens.
Shots for this period are 8 for Kings vs 11 for Canadiens.

3rd period


0:01 of 3rd period - Tomas Hertl wins face-off versus Ryan O'Reilly in neutral zone.
0:08 of 3rd period - Snap shot by Alexander Radulov.
0:08 of 3rd period - Deflect By Alex Ovechkin.
0:08 of 3rd period - Stopped by Robin Lehner with a rebound.
2:21 of 3rd period - Wrist shot by Max Pacioretty.
2:21 of 3rd period - Shot Blocked by Olli Maatta.
2:23 of 3rd period - Snap shot by Adam Larsson.
2:23 of 3rd period - Shot Misses the Net.
2:25 of 3rd period - Snap shot by Mitch Marner.
2:25 of 3rd period - Shot Blocked by Alex Ovechkin.
2:27 of 3rd period - Snap shot by Jack Johnson.
2:27 of 3rd period - Stopped by Martin Jones with a rebound.
2:43 of 3rd period - Shea Weber is hit by Jack Johnson and loses puck.
3:16 of 3rd period - Snap shot by Mitch Marner.
3:16 of 3rd period - Shot Misses the Net.
3:18 of 3rd period - Slapshot by Max Pacioretty.
3:18 of 3rd period - Shot Blocked by Olli Maatta.
3:20 of 3rd period - Slapshot by Jack Johnson.
3:20 of 3rd period - Shot Blocked by Alex Ovechkin.
3:22 of 3rd period - Slapshot by Jack Johnson.
3:22 of 3rd period - Shot Misses the Net.
3:24 of 3rd period - Snap shot by Max Pacioretty.
3:24 of 3rd period - Stopped by Martin Jones with a rebound.
3:26 of 3rd period - Slapshot by Adam Larsson.
3:26 of 3rd period - Stopped by Martin Jones with a rebound.
3:28 of 3rd period - Slapshot by Max Pacioretty.
3:28 of 3rd period - Stopped by Martin Jones without a rebound.
3:29 of 3rd period - Mathew Barzal wins face-off versus Jeff Carter in Kings zone.
3:30 of 3rd period - Slapshot by Bryan Little.
3:30 of 3rd period - Stopped by Martin Jones without a rebound.
3:31 of 3rd period - Mathew Barzal wins face-off versus Jeff Carter in Kings zone.
3:56 of 3rd period - Evgenii Dadonov is hit by Rudolfs Balcers and loses puck.
4:05 of 3rd period - Snap shot by Sean Kuraly.
4:05 of 3rd period - Stopped by Robin Lehner without a rebound.
4:06 of 3rd period - Mathew Barzal wins face-off versus Jeff Carter in Canadiens zone.
4:57 of 3rd period - Valeri Nichushkin is hit by Jonas Brodin and loses puck.
7:47 of 3rd period - Jonathan Drouin is hit by Shea Weber and loses puck.
8:05 of 3rd period - Jeff Carter is hit by Henri Jokiharju and loses puck.
8:21 of 3rd period - Tomas Hertl is hit by Jack Johnson and loses puck.
8:37 of 3rd period - Wrist shot by Rudolfs Balcers.
8:37 of 3rd period - Stopped by Robin Lehner with a rebound.
8:39 of 3rd period - Slapshot by Alex Goligoski.
8:39 of 3rd period - Stopped by Robin Lehner with a rebound.
8:54 of 3rd period - Slapshot by Mathew Barzal.
8:54 of 3rd period - Shot Misses the Net.
8:56 of 3rd period - Snap shot by Bryan Little.
8:56 of 3rd period - Shot Blocked by Carl Dahlstrom.
8:58 of 3rd period - Snap shot by Mathew Barzal.
8:58 of 3rd period - Stopped by Martin Jones with a rebound.
9:00 of 3rd period - Wrist shot by Chris Kreider.
9:00 of 3rd period - Shot Misses the Net.
9:02 of 3rd period - Wrist shot by Bryan Little.
9:02 of 3rd period - Deflect By Chris Kreider.
9:02 of 3rd period - Shot Misses the Net.
9:02 of 3rd period - Puck is out of play.
9:03 of 3rd period - Ryan O'Reilly wins face-off versus Jeff Carter in Kings zone.
9:04 of 3rd period - Snap shot by Mitch Marner.
9:04 of 3rd period - Shot Misses the Net.
9:15 of 3rd period - Icing by Shea Weber.
9:16 of 3rd period - Ryan O'Reilly wins face-off versus Jeff Carter in Kings zone.
9:35 of 3rd period - Backhand shot by Jordan Eberle.
9:35 of 3rd period - Shot Misses the Net.
9:37 of 3rd period - Slapshot by Olli Maatta.
9:37 of 3rd period - Stopped by Robin Lehner with a rebound.
9:39 of 3rd period - Snap shot by Artemi Panarin.
9:39 of 3rd period - Stopped by Robin Lehner without a rebound.
9:40 of 3rd period - Tomas Hertl wins face-off versus Mathew Barzal in Canadiens zone.
9:56 of 3rd period - Icing by Jack Johnson.
9:57 of 3rd period - Mathew Barzal wins face-off versus Jeff Carter in Canadiens zone.
10:26 of 3rd period - Snap shot by Mathew Barzal.
10:26 of 3rd period - Shot Blocked by Alex Goligoski.
10:28 of 3rd period - Snap shot by Mathew Barzal.
10:28 of 3rd period - Shot Misses the Net.
10:30 of 3rd period - Snap shot by Adam Larsson.
10:30 of 3rd period - Deflect By Chris Kreider.
10:30 of 3rd period - Shot Misses the Net.
10:30 of 3rd period - Puck is out of play.
10:31 of 3rd period - Jeff Carter wins face-off versus Max Pacioretty in Kings zone.
10:31 of 3rd period - Jeff Carter is hit by Anthony DeAngelo.
10:57 of 3rd period - Anthony DeAngelo is hit by Christian Fischer and loses puck.
11:24 of 3rd period - Tomas Hertl is hit by Derick Brassard and loses puck.
12:08 of 3rd period - Slapshot by Valeri Nichushkin.
12:08 of 3rd period - Stopped by Martin Jones without a rebound.
12:09 of 3rd period - Derick Brassard wins face-off versus Tomas Hertl in Kings zone.
12:17 of 3rd period - Wrist shot by Adam Larsson.
12:17 of 3rd period - Stopped by Martin Jones with a rebound.
12:19 of 3rd period - Slapshot by Adam Larsson.
12:19 of 3rd period - Shot Blocked by Alex Goligoski.
12:21 of 3rd period - Slapshot by Adam Larsson.
12:21 of 3rd period - Stopped by Martin Jones without a rebound.
12:22 of 3rd period - Mathew Barzal wins face-off versus Tomas Hertl in Kings zone.
12:49 of 3rd period - Mathew Barzal is hit by Christian Fischer and loses puck.
12:58 of 3rd period - Slapshot by Christian Fischer.
12:58 of 3rd period - Shot Misses the Net.
13:00 of 3rd period - Slapshot by Shea Weber.
13:00 of 3rd period - Stopped by Robin Lehner with a rebound.
13:02 of 3rd period - Snap shot by Sean Kuraly.
13:02 of 3rd period - Stopped by Robin Lehner with a rebound.
13:18 of 3rd period - Snap shot by Tage Thompson.
13:18 of 3rd period - Shot Blocked by Mathew Barzal.
13:22 of 3rd period - Slapshot by Tage Thompson.
13:22 of 3rd period - Stopped by Robin Lehner without a rebound.
13:23 of 3rd period - Ryan O'Reilly wins face-off versus Jeff Carter in Canadiens zone.
13:39 of 3rd period - Slapshot by Jordan Eberle.
13:39 of 3rd period - Stopped by Robin Lehner with a rebound.
13:53 of 3rd period - Slapshot by Evgenii Dadonov.
13:53 of 3rd period - Stopped by Martin Jones with a rebound.
13:55 of 3rd period - Slapshot by Derick Brassard.
13:55 of 3rd period - Deflect By Evgenii Dadonov.
13:55 of 3rd period - Shot Blocked by Carl Dahlstrom.
13:55 of 3rd period - Puck is out of play.
13:56 of 3rd period - Derick Brassard wins face-off versus Sean Kuraly in Kings zone.
14:15 of 3rd period - Wrist shot by Evgenii Dadonov.
14:15 of 3rd period - Shot Misses the Net.
14:17 of 3rd period - Slapshot by Henri Jokiharju.
14:17 of 3rd period - Shot Blocked by Sean Kuraly.
14:19 of 3rd period - Snap shot by Jonathan Drouin.
14:19 of 3rd period - Shot Blocked by Jonas Brodin.
14:21 of 3rd period - Backhand shot by Evgenii Dadonov.
14:21 of 3rd period - Goal by Evgenii Dadonov - Kings : 1 - Canadiens : 4.
14:22 of 3rd period - Ryan O'Reilly wins face-off versus Tomas Hertl in neutral zone.
14:33 of 3rd period - Snap shot by Ryan O'Reilly.
14:33 of 3rd period - Deflect By Mitch Marner.
14:33 of 3rd period - Shot Misses the Net.
14:33 of 3rd period - Puck is out of play.
14:34 of 3rd period - Tomas Hertl wins face-off versus Ryan O'Reilly in Kings zone.
15:31 of 3rd period - Snap shot by Anthony DeAngelo.
15:31 of 3rd period - Stopped by Martin Jones with a rebound.
16:24 of 3rd period - Off-side.
16:25 of 3rd period - Ryan O'Reilly wins face-off versus Tomas Hertl in neutral zone.
17:39 of 3rd period - Corey Perry is hit by Alex Goligoski and loses puck.
18:14 of 3rd period - Alexander Radulov is hit by Jonathan Drouin and loses puck.
18:58 of 3rd period - Slapshot by Alexander Radulov.
18:58 of 3rd period - Shot Misses the Net.
19:10 of 3rd period - Slapshot by Corey Perry.
19:10 of 3rd period - Shot Misses the Net.
19:44 of 3rd period - Snap shot by Tage Thompson.
19:44 of 3rd period - Shot Blocked by Anthony DeAngelo.
19:54 of 3rd period - Snap shot by Chris Kreider.
19:54 of 3rd period - Shot Misses the Net.
Goals for this period are 0 for Kings vs 1 for Canadiens.
Shots for this period are 10 for Kings vs 12 for Canadiens.